 Dungeon Crawl Stone Soup version 0.27-a0-1256-gced786f65e (webtiles) character file.

Game seed: 4216482959782217851

40 polve the Cutter (level 3, -4/29 HPs)
             Began as a Demonspawn Abyssal Knight on June 10, 2021.
             Was a Follower of Lugonu.
             Killed by nerve-wracking pain
             ... invoked by a shadow imp
             ... summoned by Natasha
              (9 damage)
             ... on level 3 of the Dungeon.
             The game lasted 00:01:14 (2400 turns).

polve the Cutter (Demonspawn Abyssal Knight)        Turns: 2400, Time: 00:01:15

Health: -4/29      AC: 10    Str: 13    XL:     3   Next: 30%
Magic:  4/4        EV:  3    Int: 13    God:    Lugonu [*.....]
Gold:   138        SH:  0    Dex: 12    Spells: 2/2 levels left

rFire    . . .     SeeInvis .   a - +1 short sword
rCold    . . .     Faith    .   (no shield)
rNeg     . . .     Spirit   .   h - +0 plate armour
rPois    .         Reflect  .   (no helmet)
rElec    .         Harm     .   (no cloak)
rCorr    .         Rampage  .   (no gloves)
Will     .....                  (no boots)
Stlth    ..........             (no amulet)
HPRegen  0.09/turn              (no ring)
MPRegen  0.09/turn              (no ring)

@: no status effects
A: demonic guardian 1, foul stench 1
a: Renounce Religion, Depart the Abyss


You were on level 3 of the Dungeon.
You worshipped Lugonu.
Lugonu was aware of your devotion.
You visited 1 branch of the dungeon, and saw 3 of its levels.
You visited the Abyss 1 time.

You collected 138 gold pieces.

Inventory:

Hand Weapons
 a - a +1 short sword (weapon)
Armour
 b - a +0 leather armour
 h - a +0 plate armour (worn)
Jewellery
 c - a ring of flight
 e - a ring of protection from fire
 i - a ring of magical power
Scrolls
 f - a scroll of teleportation {unknown}
Potions
 d - a potion of flight {unknown}
 g - a potion of resistance {unknown}


   Skills:
 - Level 3.0 Fighting
 + Level 3.4 Short Blades
 - Level 1.7 Armour
 - Level 0.8 Dodging
 - Level 2.4 Invocations


You had 2 spell levels left.
You didn't know any spells.
Your spell library was empty.

Dungeon Overview and Level Annotations

Branches:
Dungeon (3/15)

Altars:

Annotations:
D:3 3 runed translucent doors, Natasha


Innate Abilities, Weirdness & Mutations

A weak demonic guardian rushes to your aid.
You may rarely emit foul miasma when damaged in melee.


Message History

You are too injured to fight recklessly!
You are too injured to fight recklessly!
You are too injured to fight recklessly!
You are too injured to fight recklessly!
You are too injured to fight recklessly!
You are too injured to fight recklessly!
You are too injured to fight recklessly!
You are too injured to fight recklessly!
You are too injured to fight recklessly!
You are too injured to fight recklessly!
You are too injured to fight recklessly!
You closely miss Natasha.
The shadow imp hits you but does no damage.
Natasha claws you but does no damage.
You hit Natasha.
Natasha is moderately wounded.
The shadow imp gestures at you.
You barely resist. Natasha claws you.
You closely miss Natasha.
Natasha is moderately wounded.
The shadow imp gestures at you. Pain shoots through your body!
A demonic guardian appears!
Natasha claws you but does no damage.
You closely miss Natasha.
Natasha is moderately wounded.
The shadow imp hits you but does no damage.
Natasha claws you.
* * * LOW HITPOINT WARNING * * *
Your plate armour prevents you from hitting Natasha.
Natasha is moderately wounded.
The shadow imp barely misses you.
Natasha zaps a wand.
The puff of flame hits you but does no damage.
Your ufetubus barely misses Natasha.
Your ufetubus hits Natasha. Natasha claws your ufetubus.
Your ufetubus dies!
Natasha howls an incantation.
Natasha shimmers violently.
The shadow imp gestures at you. Pain shoots through your body!
You die...

##### .#####
######...##### ......####
#............# .........#
#..........#.#
.........###..........#.#
........h5....^.....<..>#
........##.@.........####
........##...)........#
#........#...<........##
###......#.............#
#......#.............#
#....................#
###..#####...........#
..[ #...........# ....
#...........#


You could see Natasha and a shadow imp (summoned).

Vanquished Creatures
  A worm (D:2)
  2 dart slugs (D:2)
  A bat (D:1)
  3 goblins (D:1)
  2 hobgoblins
  4 jackals (D:2)
  5 quokkas
  4 ball pythons
  2 frilled lizards
  5 kobolds (D:1)
  A rat (D:1)
30 creatures vanquished.

Notes
Turn   | Place    | Note
-------+----------+-------------------------------------------
     0 | Abyss:1  | polve the Demonspawn Abyssal Knight began the quest for the
                  | Orb.
     0 | Abyss:1  | Reached XP level 1. HP: 18/18 MP: 2/2
   150 | Abyss:1  | Noticed a neqoxec
   150 | Abyss:1  | Noticed an ancient zyme
   219 | Abyss:1  | Noticed an ancient zyme
   219 | Abyss:1  | Noticed a small abomination
   224 | Abyss:1  | Noticed a thrashing horror
   227 | D:1      | Escaped the Abyss
   675 | D:1      | Gained mutation: A weak demonic guardian rushes to your
                  | aid. [demonic ancestry]
   675 | D:1      | Reached XP level 2. HP: 24/24 MP: 3/3
   727 | D:1      | Reached * piety under Lugonu
   859 | D:1      | Found a faded altar of an unknown god.
  1569 | D:2      | Gained mutation: You may rarely emit foul miasma when
                  | damaged in melee. [demonic ancestry]
  1569 | D:2      | Reached XP level 3. HP: 28/29 MP: 4/4
  2357 | D:3      | Found a runed translucent gate.
  2357 | D:3      | Found a runed translucent gate.
  2357 | D:3      | Found a runed translucent gate.
  2385 | D:3      | Noticed Natasha
  2400 | D:3      | Killed from afar by a shadow imp

Illustrated notes

Levels and vault maps discovered:
D:1:      dpeg_arrival_houses_and_road, layout_basic,
          chequers_ecumenical_altar_simple
D:2:      layout_loops_corners
D:3:      layout_basic, gammafunk_ghost_necromancy, gup_sewer_entry_spiral,
          uniq_natasha

Skill      XL: |  1  2 |
---------------+-------+-----
Short Blades   | 2 3 |  3.4
Fighting       | |  3.0
Armour         | |  1.7
Dodging        | |  0.8
Invocations    | |  2.4

Action                   || total
-------------------------++-------
Melee: Short sword       ||   118
Invok: Depart the Abyss  ||     1
 Stab: Sleeping          ||     1
Armor: Leather armour    ||    22
       Plate armour      ||     7
Dodge: Dodged            ||    70

Table legend: (Time is in decaauts)
 A = Elapsed time spent in this place.
 B = Non-inter-level travel time spent in this place.
 C = Inter-level travel time spent in this place.
 D = Time resting spent in this place.
 E = Time spent auto-exploring this place.
 F = Levels seen in this place.
 G = Mean time per level.
                   A        B        C        D        E       F      G
               +--------+--------+--------+--------+--------+-----+--------+
         Total |   2394 |   2313 |     81 |      0 |   2015 |   4 |  598.5 |
       Dungeon |   2166 |   2085 |     81 |      0 |   1823 |   3 |  722.0 |
         Abyss |    228 |    228 |      0 |      0 |    192 |   1 |  228.0 |
               +--------+--------+--------+--------+--------+-----+--------+

Top non-repeatable levels by time:
     D:2: 1085 daAuts
     D:1: 1035 daAuts
 Abyss:1: 228 daAuts
     D:3: 46 daAuts
